 Dungeon Crawl Stone Soup version 0.29.1 (webtiles) character file.

Game seed: 4324452211099615652

779 DoubleLucky the Trooper (level 7, -3/60 HPs)
             Began as a Purple Draconian Fire Elementalist on Sept 13, 2022.
             Slain by a wyvern (15 damage)
             ... on level 6 of the Dungeon.
             The game lasted 00:14:52 (5463 turns).

DoubleLucky the Trooper (DrFE)                      Turns: 5463, Time: 00:14:52

Health: -3/60      AC:  6    Str: 11    XL:     7   Next: 54%
Magic:  2/13       EV: 11    Int: 17    God:
Gold:   165        SH:  4    Dex: 11    Spells: 6/15 levels left

rFire   . . .      SeeInvis .   n - +0 flail (protect)
rCold   . . .      Faith    .   m - +0 buckler
rNeg    . . .      Spirit   .   (body armour unavailable)
rPois   .          Reflect  .   (helmet restricted)
rElec   .          Harm     .   (no cloak)
rCorr   .          Rampage  .   (no gloves)
Will    +....                   (no boots)
Stlth   ++........              (no amulet)
HPRegen 0.20/turn               s - ring of flight
MPRegen 0.13/turn               (no ring)

@: flying
A: breathe power, AC +6, unfitting armour, cold-blooded
a: Breathe Dispelling Energy


You were on level 6 of the Dungeon.
You visited 1 branch of the dungeon, and saw 6 of its levels.

You collected 165 gold pieces.

Inventory:

Hand Weapons
 c - a +0 dagger
 n - a +0 flail of protection (weapon)
Armour
 m - a +0 buckler (worn)
Jewellery
 s - a ring of flight (left hand)
 v - the amulet of Elemental Vulnerability {rPois rF-- rC-- AC+8}
   (You found it on level 4 of the Dungeon)

   [amulet of nothing]

   AC:        It affects your AC (+8).
   rF:        It makes you very vulnerable to fire.
   rC:        It makes you very vulnerable to cold.
   rPois:     It protects you from poison.
Wands
 q - a wand of digging (8)
 r - a wand of charming (8)
Scrolls
 d - 3 scrolls of teleportation {unknown}
 g - 8 scrolls of identify {unknown}
 h - a scroll of brand weapon {unknown}
 j - a scroll of enchant armour {unknown}
 k - a scroll of vulnerability {unknown}
 o - a scroll of poison {unknown}
 u - a scroll of immolation {unknown}
Potions
 a - a potion of magic
 b - a potion of brilliance {unknown}
 e - 3 potions of mutation {unknown}
 f - 2 potions of curing {unknown}
 i - a potion of haste {unknown}
 l - a potion of cancellation {unknown}
 p - 2 potions of might {unknown}
 t - a potion of attraction {unknown}
 w - a potion of resistance {unknown}


   Skills:
 + Level 4.7 Fighting
 + Level 3.2 Maces & Flails
 - Level 1.7 Dodging
 - Level 1.7 Stealth
 + Level 3.4 Shields
 + Level 4.6 Spellcasting
 - Level 3.0 Conjurations
 + Level 1.2 Hexes
 - Level 3.0 Fire Magic


You had 6 spell levels left.
You knew the following spells:

 Your Spells              Type           Power      Damage    Failure   Level
a - Foxfire               Conj/Fire      56%        2x1d6     6%          1
b - Scorch                Fire           28%        2d6       9%          2
c - Conjure Flame         Conj/Fire      14%        6-21      17%         3
d - Inner Flame           Hex/Fire       11%        N/A       24%         3

Your spell library contained the following spells:

 Spells                   Type           Power      Damage    Failure   Level
 Apportation              Tloc           6%         N/A       21%         1
 Necrotise                Necr           12%        1d4       21%         1
 Summon Small Mammal      Summ           12%        N/A       21%         1
 Blink                    Tloc           6%         N/A       30%         2
 Flame Wave               Conj/Fire      14%        2d6       50%         4
 Manifold Assault         Tloc           3%         N/A       99%         5
 Storm Form               Tmut/Air       1%         N/A       100%        7


Dungeon Overview and Level Annotations

Branches:
Dungeon (6/15)
 Temple: D:4-7

Altars:


Innate Abilities, Weirdness & Mutations

You can breathe bolts of dispelling energy.
Your rich purple scales are hard. (AC +6)
You cannot fit into any form of body armour.
You are cold-blooded and may be slowed by cold attacks.


Message History

The water moccasin is moderately wounded.
The phantom closely misses you.
The water moccasin bites you but does no damage.
The centaur unwields a +0 shortbow.
You block the centaur's attack. The centaur kicks you.
Casting: Scorch (safe; 9% risk of failure)
Confirm with . or Enter, or press ? or * to list all spells.
Flames lash the ogre.
The ogre is heavily wounded.
The ogre's fire resistance burns away.
The water moccasin bites you. The phantom hits you. The centaur hits you.
The centaur kicks you but does no damage.
Casting: Scorch (safe; 9% risk of failure)
Confirm with . or Enter, or press ? or * to list all spells.
You conjure some foxfire!
The water moccasin misses you. The centaur hits you. The centaur misses you.
The phantom hits you.
The phantom blinks!
You blink.
A scorpion comes into view.
The foxfire hits the water moccasin.
The water moccasin is moderately wounded.
Found a stone staircase leading down.
The scorpion closely misses you.
The water moccasin attacks as you move away!
The water moccasin bites you but does no damage.
A jelly comes into view.
Your magical contamination has completely faded away.
The phantom attacks as you move away! The phantom hits you.
The jelly quivers.
The jelly hits you but does no damage. The jelly attacks as you move away!
You block the jelly's attack. The scorpion stings you.
The scorpion attacks as you move away!
The scorpion stings you but does no damage.
There is a stone staircase leading down here.
You can't go up here!
The wyvern bites you!
* * * LOW HITPOINT WARNING * * *
The jelly hits you but does no damage. The wyvern misses you.
You fly downwards.
There is a stone staircase leading up here.
You barely miss the jelly. The wyvern bites you!
You die...

##.
#..
#.#
#.#
#.#
#.#
#J#
#@#
#l#
#.#
#.#
#.#
..#
.##
.


You could see a wyvern and a jelly.

Vanquished Creatures
  Menkaure (D:5)
  An ogre (D:4)
  A phantom (D:4)
  Blork the orc (D:4)
  A necrophage (D:3)
  A scorpion (D:5)
  A hound (D:3)
  A jelly (D:4)
  A gnoll bouda (D:4)
  2 iguanas (D:5)
  4 adders
  6 gnolls
  An ufetubus (D:5)
  2 worms (D:2)
  9 orcs
  6 ball pythons
  12 endoplasms
  7 giant cockroaches
  10 hobgoblins
  6 jackals (D:2)
  11 kobolds
  4 quokkas
  9 bats
  4 frilled lizards
  10 goblins
  10 rats
122 creatures vanquished.

Vanquished Creatures (others)
  332 foxfires
332 creatures vanquished.

Grand Total: 454 creatures vanquished

Notes
Turn   | Place    | Note
-------+----------+-------------------------------------------
     0 | D:1      | DoubleLucky the Draconian Fire Elementalist began the quest
                  | for the Orb.
     0 | D:1      | Reached XP level 1. HP: 14/14 MP: 3/3
    14 | D:1      | You fall into a shaft and drop 1 floor!
   220 | D:2      | Reached XP level 2. HP: 22/22 MP: 3/5
   270 | D:2      | Learned a level 2 spell: Scorch
   284 | D:2      | Reached skill level 1 in Fighting
   368 | D:2      | Reached XP level 3. HP: 28/28 MP: 1/6
  1443 | D:2      | Reached XP level 4. HP: 37/37 MP: 3/7
  1505 | D:2      | Found a faded altar of an unknown god.
  1509 | D:2      | Noticed a golden eye
  1511 | D:2      | Noticed a great orb of eyes
  1511 | D:2      | Noticed an eye of devastation
  1511 | D:2      | Noticed a shining eye
  2390 | D:3      | Reached skill level 1 in Shields
  3023 | D:3      | Learned a level 3 spell: Conjure Flame
  3032 | D:3      | Reached XP level 5. HP: 45/45 MP: 2/8
  3319 | D:3      | Reached skill level 1 in Maces & Flails
  3561 | D:3      | Learned a level 3 spell: Inner Flame
  3711 | D:4      | Reached XP level 6. HP: 51/51 MP: 4/10
  4136 | D:4      | Noticed Blork the orc
  4144 | D:4      | Killed Blork the orc
  4524 | D:4      | Found the amulet of Elemental Vulnerability {rPois rF--
                  | rC-- AC+8}
  4754 | D:4      | Your scales start taking on a rich purple colour.
  4754 | D:4      | Reached XP level 7. HP: 60/60 MP: 4/13
  5120 | D:5      | Entered Level 5 of the Dungeon
  5158 | D:5      | Noticed Menkaure
  5169 | D:5      | Killed Menkaure
  5170 | D:5      | Reached skill level 1 in Hexes
  5444 | D:5      | Noticed a wyvern
  5463 | D:6      | Slain by a wyvern

Illustrated notes

Levels and vault maps discovered:
D:1:      zelgadis_glass_arrival_small, layout_basic
D:2:      layout_loops_ring, hellmonk_ecumenical_altar_watching_god,
          kennysheep_generic_room_7
D:3:      minmay_chambers_of_threes, layout_basic, minmay_mini_jars
D:4:      layout_loops_ring, minmay_misc_feat_ornament, hangedman_glass_teeth,
          chequers_serial_rivers_micro_e, uniq_blork_the_orc
D:5:      layout_rooms, serial_bayou_pond_a,
          hangedman_abyss_or_decor_lesser_grid,
          minmay_fractal_squares_diagonal_5, uniq_menkaure
D:6:      layout_rooms, mainiacjoe_overflow_two_lobes, temple_hall,
          serial_shops, nicolae_lakefront_shop, uniq_edmund, uniq_sigmund,
          uniq_eustachio, uniq_duvessa

Skill      XL: |  1  2  3  4  5  6  7 |
---------------+----------------------+-----
Fighting       | 1 2 3 4 |  4.7
Conjurations   | 2 3 |  3.0
Shields        | 1 2 3 |  3.4
Maces & Flails | 1 2 3 |  3.2
Spellcasting   | 4 |  4.6
Hexes          | 1 |  1.2
Dodging        | |  1.7
Stealth        | |  1.7
Fire Magic     | |  3.0

Action                   |  1- 3 |  4- 6 |  7- 9 || total
-------------------------+-------+-------+-------++-------
Melee: Unarmed           |     3 |       |       ||     3
       Dagger            |     8 |     2 |       ||    10
       Tailslap          |     1 |     8 |       ||     9
       Flail             |       |    59 |     5 ||    64
 Cast: Foxfire           |    69 |   120 |    20 ||   209
       Scorch            |     4 |    17 |     7 ||    28
 Abil: Breathe Dispellin |       |       |     1 ||     1
 Stab: Sleeping          |       |     1 |       ||     1
Armor: Skin              |     6 |    33 |     7 ||    46
Dodge: Dodged            |     9 |    38 |    11 ||    58
Block: Buckler           |       |     8 |     6 ||    14
